 Dungeon Crawl Stone Soup version 0.32-a0-18-g89e19f1974 (webtiles) character file.

Game seed: 3029980994016733481

325 kae the Firebug (level 6, -1/35 HPs)
             Began as a Tengu Fire Elementalist on Jan 16, 2024.
             Succumbed to Dowan's poison
             ... on level 4 of the Dungeon.
             The game lasted 00:03:16 (3515 turns).

kae the Firebug (Tengu Fire Elementalist)           Turns: 3515, Time: 00:03:17

Health: -1/35      AC:  4    Str:  9    XL:     6   Next: 48%
Magic:  2/11       EV: 12    Int: 17    God:
Gold:   179        SH:  0    Dex: 14    Spells: 1/11 levels left

rFire   + . .        f - +0 mace
rCold   . . .        (no shield)
rNeg    . . .        a - +1 robe
rPois   .            (helmet restricted)
rElec   .            (no cloak)
rCorr   .            g - +0 pair of gloves
SInv    .            (boots unavailable)
Will    .....        (no amulet)
Stlth   ++           F - ring of protection from fire
HPRegen 0.25/turn    (no ring)
MPRegen 0.12/turn

%: acrobat
@: mighty, lethally poisoned (-1 -> -8)
A: beak, talons 3, acrobatic
a: no special abilities


You were on level 4 of the Dungeon.
You visited 1 branch of the dungeon, and saw 4 of its levels.

You collected 179 gold pieces.


Innate Abilities, Weirdness & Mutations

You have a beak for a mouth.
You have claws for feet.
You can magically evade attacks while moving or waiting.


   Skills:
 + Level 2.2 Fighting
 - Level 2.1 Dodging
 - Level 2.0 Stealth
 + Level 3.0 Spellcasting
 * Level 4.8 Conjurations
 * Level 5.2 Fire Magic


You had one spell level left.
You knew the following spells:

 Your Spells              Type           Power      Damage    Failure   Level
a - Foxfire               Conj/Fire      76%        2x1d7     2%          1
b - Scorch                Fire           40%        2d6       3%          2
c - Inner Flame           Hex/Fire       11%        N/A       19%         3
d - Flame Wave            Conj/Fire      19%        2d7       22%         4

Your spell library contained the following spells:

 Spells                   Type           Power      Damage    Failure   Level
 Volatile Blastmotes      Fire/Tloc      22%        2d11      19%         3

Inventory:

Hand Weapons
 f - a +0 mace (weapon)
   (You found it on level 1 of the Dungeon)
Missiles
 c - 46 stones
 l - 7 poisoned darts
Armour
 a - a +1 robe (worn)
 g - a +0 pair of gloves (worn)
   (You found it on level 3 of the Dungeon)
Jewellery
 F - a ring of protection from fire (left hand)
   (You found it on level 1 of the Dungeon)
Wands
 m - a wand of flame (21)
   (You found it on level 3 of the Dungeon)
Scrolls
 d - 4 scrolls of teleportation {@r4}
 h - a scroll of noise {!r}
Potions
 b - a potion of magic
 n - a potion of degeneration {!q}
 o - a potion of berserk rage {!q}
 p - a potion of heal wounds {unknown}
 s - a potion of attraction {unknown}
 t - 2 potions of resistance {unknown}

Dungeon Overview and Level Annotations

Branches:
Dungeon (4/15) Zot: 20466
 Temple: D:4-7

Altars:
Fedhas
Yredelemnul

Shops:
D:1 =   D:3 [

Annotations:
D:2 Terence
D:4 Dowan, Duvessa

###.####### ########.
#..############..vยงve..
##...........#..#
##..........#.#########
#..).......#..........
#..........#..........
##.........#..........
#.....>..............
#.........e@e........
#..............######
#.........##...#
...........##...#
......)....##...#
..##.#.....# ...#
.##...... ..## #.#. ..#


You could see Duvessa (fast, combustible) and Dowan.


Message History

You now have 179 gold pieces (gained 8).
Duvessa, Sister of Dowan comes into view.
She is wielding a +0 short sword. ๐Ÿ˜Ž MP[+2]
Your mp is fully restored (11).
Unknown command.
Casting: Foxfire (safe; 2% risk of failure)
Confirm with . or Enter, or press ? or * to list all spells.
You conjure some foxfire!
Duvessa shouts!
You hear a shout! ๐Ÿ˜Ž MP[-1]
You lost 1 mp, and now have 10/11 mp. ๐Ÿ˜Ž MP[+1]
Your mp is fully restored (11).
Casting: Foxfire (safe; 2% risk of failure)
Confirm with . or Enter, or press ? or * to list all spells.
You conjure some foxfire!
The foxfire hits Duvessa.
The foxfire hits Duvessa but does no damage. ๐Ÿ˜Ž MP[-1]
You lost 1 mp, and now have 10/11 mp.
Casting: Foxfire (safe; 2% risk of failure)
Confirm with . or Enter, or press ? or * to list all spells.
You conjure some foxfire!
The foxfire hits Duvessa but does no damage. x2
Dowan, Brother of Duvessa comes into view.
He is wielding a +0 dagger of venom. ๐Ÿ˜Ž MP[-1]
You lost 1 mp, and now have 9/11 mp.
Casting: Foxfire (safe; 2% risk of failure)
Confirm with . or Enter, or press ? or * to list all spells.
Flames lash Duvessa.
Duvessa's fire resistance burns away.
Duvessa hits you but does no damage.
Duvessa hits you with a +0 short sword. ๐Ÿ˜• HP[-5] MP[-2]
You take 5 damage, and now have 30/35 hp.
You lost 2 mp, and now have 7/11 mp.
Unknown command.
Casting: Scorch (safe; 3% risk of failure)
Confirm with . or Enter, or press ? or * to list all spells.
Flames lash Duvessa.
Duvessa is burned terribly!
Duvessa hits you with a +0 short sword.
Dowan casts a spell at Duvessa.
Duvessa seems to speed up. ๐Ÿ˜• HP[-3] MP[-2]
You take 3 damage, and now have 27/35 hp.
You lost 2 mp, and now have 5/11 mp.
Unknown command.
Casting: Scorch (safe; 3% risk of failure)
Confirm with . or Enter, or press ? or * to list all spells.
Flames lash Dowan.
Dowan's fire resistance burns away.
Duvessa barely misses you. Duvessa misses you. x2
Dowan says, "Stay away from my face!"
Dowan mumbles some strange words.
Dowan blinks! ๐Ÿ˜• MP[-1]
You lost 1 mp, and now have 4/11 mp.
Unknown command.
Casting: Scorch (safe; 3% risk of failure)
Confirm with . or Enter, or press ? or * to list all spells.
Flames lash Duvessa.
Duvessa is burned terribly!
Duvessa closely misses you. Duvessa hits you with a +0 short sword!
* * * LOW HITPOINT WARNING * * *
Duvessa completely misses you. ๐Ÿ˜จ HP[-11] MP[-2]
You take 11 damage, and now have 16/35 hp.
MASSIVE DAMAGE!! (PAUSE)
You lost 2 mp, and now have 2/11 mp.
Casting: Scorch (safe; 3% risk of failure)
Confirm with . or Enter, or press ? or * to list all spells.
You conjure some foxfire!
Dowan is no longer more vulnerable to fire.
Duvessa misses you.
The foxfire hits Duvessa but does no damage.
The foxfire hits Duvessa.
Duvessa is burned terribly!
Duvessa completely misses you. Duvessa hits you with a +0 short sword!
* * * LOW HITPOINT WARNING * * *
Dowan points at you and mumbles some strange words.
The puff of frost hits you!
* * * LOW HITPOINT WARNING * * *
๐Ÿ˜ฑ HP[-14] MP[-1]
You take 14 damage, and now have 2/35 hp.
MASSIVE DAMAGE!! (PAUSE)
You lost 1 mp, and now have 1/11 mp.
It was a potion of curing.
You feel better. Duvessa closely misses you.
Dowan hits you with a +0 dagger of venom.
* * * LOW HITPOINT WARNING * * *
๐Ÿ˜ฑ HP[+6]
You regained 6 hp, and now have 8/35 hp.
You hit Duvessa but do no damage. You claw Duvessa, but do no damage.
Duvessa hits you with a +0 short sword.
* * * LOW HITPOINT WARNING * * *
Duvessa barely misses you.
Dowan hits you with a +0 dagger of venom.
* * * LOW HITPOINT WARNING * * *
You are lethally poisoned! ๐Ÿ˜ฑ HP[-7]
You take 7 damage, and now have 1/35 hp.
It was a potion of might.
You feel very mighty all of a sudden.
You die...

Skill      XL: |  1  2  3  4  5  6 |
---------------+-------------------+-----
Conjurations   | 2 3 4 |  4.8
Fighting       | 1 2 |  2.2
Fire Magic     | 4 5 |  5.2
Spellcasting   | 3 |  3.0
Dodging        | |  2.1
Stealth        | |  2.0

Action                     |  1- 3 |  4- 6 || total
---------------------------+-------+-------++-------
  Melee: Peck              |     1 |     3 ||     4
         Unarmed           |     1 |       ||     1
         Mace              |       |    13 ||    13
         Kick              |       |     7 ||     7
   Cast: Foxfire           |    50 |   104 ||   154
         Scorch            |     2 |     5 ||     7
    Use: Scroll            |     2 |     7 ||     9
         Potion            |       |     2 ||     2
   Stab: Sleeping          |     1 |       ||     1
 Armour: Robe              |    10 |    23 ||    33
  Dodge: Dodged            |    20 |    27 ||    47

Levels and vault maps discovered:
D:1:      tarquinn_simple_flora_water_a, layout_loops_ring, serial_shops,
          shop_statue, corexii_hall_statues_x, chequers_serial_rivers_large_a
D:2:      layout_basic, kennysheep_generic_room_5, uniq_terence, uniq_natasha
D:3:      layout_basic, mainiacjoe_overflow_catch_the_wave,
          ebering_ecumenical_altar_abandoned, serial_shops, shop, uniq_jessica
D:4:      layout_basic, hangedman_abyss_or_decor_lesser_grid,
          minmay_misc_feat_square, uniq_eustachio, uniq_duvessa, uniq_edmund

Notes
Turn   | Place    | Note
-------+----------+-------------------------------------------
     0 | D:1      | kae the Tengu Fire Elementalist began the quest for the
                  | Orb.
     0 | D:1      | Reached XP level 1. HP: 10/10 MP: 4/4
     0 | D:1      | magus.rc [v1.11.3]
   347 | D:1      | Reached XP level 2. HP: 16/16 MP: 1/6
   392 | D:1      | Reached skill level 2 in Conjurations
   633 | D:1      | Found Seuptoh's Jewellery Emporium.
   737 | D:2      | Reached XP level 3. HP: 20/20 MP: 5/7
   741 | D:2      | Reached skill level 1 in Fighting
   744 | D:2      | Learned a level 2 spell: Scorch
   748 | D:2      | Learned a level 3 spell: Inner Flame
   837 | D:1      | Reached skill level 4 in Fire Magic
  1640 | D:2      | Reached XP level 4. HP: 25/25 MP: 4/8
  1729 | D:2      | Reached skill level 3 in Conjurations
  1873 | D:2      | You fall into a shaft and drop 1 floor!
  1873 | D:3      | Found Luorrurchi's Armour Shop.
  1968 | D:3      | Noticed a scorpion
  1977 | D:3      | Killed a scorpion
  1978 | D:3      | Reached XP level 5. HP: 26/29 MP: 5/9
  2238 | D:3      | Found a faded altar of an unknown god.
  2333 | D:3      | Reached skill level 4 in Conjurations
  2474 | D:3      | Found a basalt altar of Yredelemnul.
  2517 | D:3      | Found a blossoming altar of Fedhas.
  2533 | D:3      | Noticed Jessica
  2546 | D:3      | Killed Jessica
  2861 | D:2      | Reached skill level 2 in Fighting
  2889 | D:2      | Noticed Natasha
  2893 | D:2      | Killed Natasha
  2894 | D:2      | Reached skill level 5 in Fire Magic
  2894 | D:2      | Reached XP level 6. HP: 35/35 MP: 7/11
  2953 | D:2      | Noticed Terence
  3147 | D:2      | Noticed Natasha
  3154 | D:2      | Killed Natasha
  3236 | D:2      | Noticed Natasha
  3246 | D:2      | Killed Natasha
  3363 | D:3      | Learned a level 4 spell: Flame Wave
  3415 | D:4      | Reached skill level 3 in Spellcasting
  3490 | D:4      | Noticed Duvessa
  3502 | D:4      | Noticed Dowan
  3512 | D:4      | HP: 2/35 [Dowan/puff of frost (7)]
  3515 | D:4      | Succumbed to Dowan's poison

Vanquished Creatures
  A scorpion (D:3)
  A bombardier beetle (D:4)
  Jessica (D:3)
  Natasha (thrice) (D:2)
  An orc wizard (D:3)
  3 adders
  A gnoll (D:1)
  A ribbon worm (D:2)
  A dart slug (D:1)
  4 orcs (D:3)
  4 endoplasms
  3 giant cockroaches
  6 goblins
  4 hobgoblins
  A quokka (D:2)
  6 ball pythons
  6 bats
  3 frilled lizards
  8 kobolds
  4 rats
62 creatures vanquished.

Vanquished Creatures (collateral kills)
  17 foxfires (D:3)
17 creatures vanquished.

Vanquished Creatures (others)
  245 foxfires
245 creatures vanquished.

Grand Total: 324 creatures vanquished

Table legend:
 A = Non-vault XP
 B = Vault XP
 C = Vault XP percentage of total XP
 D = Non-vault monster count
 E = Vault monster count
 F = Vault count percentage of total count
                 A         B        C        D         E       F
            +---------+---------+-------+---------+---------+-------
      Total |     391 |      74 |  15.9 |      59 |       3 |   4.8
            +---------+---------+-------+---------+---------+-------
        D:1 |      49 |       0 |   0.0 |      21 |       0 |   0.0
        D:2 |     122 |      37 |  23.3 |      18 |       2 |  10.0
        D:3 |     164 |      37 |  18.4 |      18 |       1 |   5.3
        D:4 |      56 |       0 |   0.0 |       2 |       0 |   0.0
            +---------+---------+-------+---------+---------+-------

Skill      XL: |  1  2  3  4  5  6 |
---------------+-------------------+-----
Conjurations   | 2 3 4 |  4.8
Fighting       | 1 2 |  2.2
Fire Magic     | 4 5 |  5.2
Spellcasting   | 3 |  3.0
Dodging        | |  2.1
Stealth        | |  2.0

Action                     |  1- 3 |  4- 6 || total
---------------------------+-------+-------++-------
  Melee: Peck              |     1 |     3 ||     4
         Unarmed           |     1 |       ||     1
         Mace              |       |    13 ||    13
         Kick              |       |     7 ||     7
   Cast: Foxfire           |    50 |   104 ||   154
         Scorch            |     2 |     5 ||     7
    Use: Scroll            |     2 |     7 ||     9
         Potion            |       |     2 ||     2
   Stab: Sleeping          |     1 |       ||     1
 Armour: Robe              |    10 |    23 ||    33
  Dodge: Dodged            |    20 |    27 ||    47

Illustrated notes

Table legend:
 A = Kills in this place as a percentage of kills in the entire game.
 B = Kills by you in this place as a percentage of kills by you in the entire game.
 C = Kills by friends in this place as a percentage of kills by friends in the entire game.
 D = Other kills in this place as a percentage of other kills in the entire game.
 E = Experience gained in this place as a percentage of experience gained in the entire game.
 F = Experience gained in this place divided by the number of levels of this place that you have seen.
                   A       B       C       D       E      F
               +-------+-------+-------+-------+-------+----------------------
         Total | 100.0 | 100.0 |   N/A |   N/A | 100.0 | 116.2
       Dungeon | 100.0 | 100.0 |   N/A |   N/A | 100.0 | 116.2
               +-------+-------+-------+-------+-------+----------------------

Table legend: (Time is in decaauts)
 A = Elapsed time spent in this place.
 B = Non-inter-level travel time spent in this place.
 C = Inter-level travel time spent in this place.
 D = Time resting spent in this place.
 E = Time spent auto-exploring this place.
 F = Levels seen in this place.
 G = Mean time per level.
                   A        B        C        D        E       F      G
               +--------+--------+--------+--------+--------+-----+--------+
         Total |   3533 |   3428 |    105 |     77 |   2773 |   4 |  883.2 |
       Dungeon |   3533 |   3428 |    105 |     77 |   2773 |   4 |  883.2 |
               +--------+--------+--------+--------+--------+-----+--------+

Top non-repeatable levels by time:
     D:1: 1346 daAuts
     D:2: 1122 daAuts
     D:3: 952 daAuts
     D:4: 113 daAuts
